AoeStats
← DAN13L

Arena

509286715Analyzed
2v2 RM · 7d ago on Sep 26, 2026· 61m 22s· 4 players
Game mode
Random Map
Map size
Medium (4 player)
Population
200
Speed
Normal
Resources
Standard
Victory
Conquest
Starting age
Dark Age
Ending age
Imperial Age
RankedLock teamsTeams togetherTeam positionsShared explorationLock speedFull tech treeHidden civsTurbo modeCheats
Victory
Defeat
🇪🇸 Teutons · Spain
1001
+17
🇨🇱 Celts · Chile
981
+17
🇲🇽 Wei · Mexico
1011
-17
🇦🇷 Mapuche · Argentina
1011
-17
KaneGB
2:13 Loom
10:08 Feudal Age
18:03 Castle Age
16:58 Forging
17:08 Scale Mail Armor
16:50 Horse Collar
17:23 Gold Mining
18:16 Double-Bit Axe
23:21 Pikeman
32:27 Imperial Age
30:29 Ballistics
31:14 Stone Mining
31:45 Chain Mail Armor
31:46 Fortified Wall
35:39 Gold Shaft Mining
35:40 Stone Shaft Mining
38:23 Plate Mail Armor
37:54 Halberdier
38:41 Light Cavalry
39:51 Heavy Scorpion
43:23 Hussar
44:27 Scale Barding Armor
54:30 Chain Barding Armor
59:31 Iron Casting
churre13
11:55 Feudal Age
12:43 Horse Collar
17:52 Castle Age
16:21 Double-Bit Axe
18:34 Wheelbarrow
18:32 Bloodlines
31:21 Imperial Age
28:58 Town Watch
29:30 Hand Cart
29:42 Bow Saw
29:44 Heavy Plow
30:30 Gold Mining
31:31 Cavalier
32:43 Scale Barding Armor
32:49 Forging
35:48 Conscription
37:01 Chain Barding Armor
36:51 Forging
38:30 Paladin
43:12 Plate Barding Armor
43:14 Iron Casting
49:28 Blast Furnace
49:15 Scale Mail Armor
53:25 Chain Mail Armor
56:08 Elite Teutonic Knight
57:10 Ironclad
57:21 Ironclad
59:31 Plate Mail Armor
59:05 Town Patrol
58:53 Loom
60:33 Spies/Treason
DAN13L
9:42 Feudal Age
10:12 Double-Bit Axe
16:22 Castle Age
17:29 Loom
18:36 Wheelbarrow
17:51 Double-Bit Axe
19:58 Horse Collar
20:34 Forging
22:40 Scale Barding Armor
25:28 Bloodlines
25:44 Fletching
25:16 Crossbowman
27:54 Thumb Ring
29:22 Bodkin Arrow
29:29 Gold Mining
30:04 Bow Saw
30:01 Heavy Plow
32:09 Chain Barding Armor
32:02 Tuntian
34:29 Iron Casting
33:55 Scale Mail Armor
36:38 Imperial Age
34:46 Town Watch
36:19 Chain Mail Armor
36:07 Husbandry
35:27 Light Cavalry
36:48 Hand Cart
37:46 Gold Shaft Mining
37:02 Stone Mining
37:34 Ballistics
36:51 Capped Ram
37:29 Heavy Hei Guang Cavalry
37:36 Pikeman
38:17 Squires
39:01 Parthian Tactics
40:04 Blast Furnace
41:03 Padded Archer Armor
41:00 Murder Holes
42:33 Bracer
42:48 Leather Archer Armor
42:14 Hussar
42:59 Elite Skirmisher
44:15 Fortified Wall
47:00 Man-at-Arms
50:25 Halberdier
3ms
8:22 Feudal Age
15:19 Castle Age
13:51 Double-Bit Axe
13:57 Horse Collar
23:12 Heavy Plow
23:23 Bow Saw
25:55 Wheelbarrow
26:36 Forging
27:50 Hand Cart
27:21 Loom
28:41 Town Watch
29:34 Iron Casting
28:50 Fletching
29:00 Padded Archer Armor
29:22 Gold Mining
29:26 Stone Mining
34:48 Imperial Age
34:15 Pikeman
36:00 Crop Rotation
37:45 Blast Furnace
36:46 Scale Mail Armor
36:30 Halberdier
40:15 Chain Mail Armor
39:56 Bodkin Arrow
40:16 Leather Archer Armor
50:31 Plate Mail Armor
49:52 Champi Runner
Connection lost

Rejoining the realm…

Still unreachable

The connection could not be restored.

Session expired

The server has moved on; the page needs a fresh start.